[Event "Ceske Budejovice IM 2022"]
[Site "Ceske Budejovice"]
[Date "2022.07.01"]
[Round "1.1"]
[White "Nagy, Ladislav"]
[Black "Gretarsson, Helgi Ass"]
[Result "0-1"]
[ECO "B06"]
[WhiteElo "2209"]
[BlackElo "2472"]
[Annotator "TA"]
[PlyCount "66"]
[EventDate "2022.07.01"]
[EventType "tourn"]
[EventCountry "CZE"]
[SourceTitle "playchess.com"]
[Source "ChessBase"]
[SourceQuality "1"]
[TimeControl "40/5400+30:1800+30"]

1. e4 g6 2. d4 Bg7 3. Nc3 d6 4. Be3 a6 5. Qd2 b5 6. h4 {[%emt 0:01:51] B06: Modern Defence.} h6 7. a3 Bb7 8. f3 {[%emt 0:02:37] White is slightly better.} Nd7 9. O-O-O Ngf6 {[%emt 0:16:32] [#]} 10. Kb1 $146 ({Predecessor:} 10. Nge2 Nb6 11. Nf4 Nfd7 12. g4 c5 13. Rg1 cxd4 14. Bxd4 Bxd4 15. Qxd4 e5 16. Qxd6 exf4 17. Nxb5 axb5 18. Bxb5 {0-1 (48) Zong,D (2141)-Hjartarson,J (2470) Chess.com INT 2022}) 10... e6 11. Nh3 c5 12. dxc5 dxc5 13. Bf4 Qb6 14. Be2 (14. Qe3 $14) 14... Bc6 $11 15. g4 a5 {[%emt 0:17:18] Strongly threatening ...b4.} 16. a4 (16. Qd6 $11 {remains equal.} c4 17. Qc7) 16... bxa4 $17 {[%emt 0:00:01] ...0-0 is the strong threat.} 17. Ka2 h5 $40 {[%emt 0:00:05][%mdl 128] Black is up to no good.} 18. e5 $2 {[%emt 0:08:04][%mdl 8192] [#] White does not recover from this.} (18. Nf2 $1 $15) 18... Nd5 {[%emt 0:01:16] The board is on fire.} 19. Nxd5 Bxd5+ ({Inferior is} 19... exd5 20. Rb1 $17) 20. c4 Bc6 ({Not} 20... Bxe5 21. cxd5 Rb8 22. Bxe5 Nxe5 23. Qc3 Qb3+ 24. Qxb3 axb3+ 25. Ka3 $18) 21. Qc3 {[%emt 0:02:27] Inhibits Qb3+.} Qb3+ 22. Qxb3 axb3+ 23. Kxb3 hxg4 24. Rd6 Rc8 25. Ng5 Bxe5 {[%emt 0:00:29] Black is clearly winning.} 26. Bxe5 Nxe5 27. Re1 Ke7 28. Rdd1 gxf3 29. Bf1 f6 30. Bh3 f2 31. Re3 Rxh4 32. Bxe6 Rb8+ 33. Ka2 Bg2 {[%emt 0:01:20] Weighted Error Value: White=0.92/Black=0.38} 0-1

[Event "Ceske Budejovice IM 2022"]
[Site "Ceske Budejovice"]
[Date "2022.07.01"]
[Round "1.3"]
[White "Lajbl, Jan"]
[Black "Bochnicka, Vladimir"]
[Result "1/2-1/2"]
[ECO "C55"]
[WhiteElo "2212"]
[BlackElo "2295"]
[Annotator "TA"]
[PlyCount "77"]
[EventDate "2022.07.01"]
[EventType "tourn"]
[EventCountry "CZE"]
[SourceTitle "playchess.com"]
[Source "ChessBase"]
[SourceQuality "1"]
[TimeControl "40/5400+30:1800+30"]

1. e4 e5 2. Nf3 Nc6 3. Bc4 Nf6 4. d3 h6 5. c3 g5 6. h3 {[%emt 0:05:20] C55: Two Knights: 4 d3, 4 d4 exd4 5 e5 and Max Lange Attack.} Bg7 (6... d5 7. exd5 Nxd5 8. Qb3 $16) 7. Nbd2 O-O 8. Bb3 {[%emt 0:02:21] White has an edge.} d6 9. Nf1 Ne7 10. Ng3 Ng6 11. Nf5 {[%emt 0:09:44] [#]} c6 $146 (11... d5 $14) ({Predecessor:} 11... d5 12. Qc2 Re8 13. g4 Nf4 14. Bxf4 exf4 15. e5 h5 16. O-O-O hxg4 17. hxg4 Nxg4 {1-0 (24) Andriasian,Z (2581)-Katz,A (2405) Philadelphia 2021}) 12. g4 {[%emt 0:08:52] And now h4 would win. 0x0.0008618827aedp-1022s more active pieces. The black rooks are badly placed.} ({Reject} 12. Nxg7 $6 Kxg7 13. Be3 d5 $11) 12... d5 {[%emt 0:06:00] [#]} (12... Bxf5 $14 13. gxf5 Nf4) 13. Qe2 (13. h4 $1 $16) 13... Re8 $14 14. h4 (14. Nxg7 $11 Kxg7 15. h4) 14... dxe4 (14... Bxf5 $15 15. gxf5 Nf4 16. Bxf4 exf4) 15. dxe4 $11 Nf4 $132 {[%emt 0:05:39][%mdl 2048] Black puts up resistance} 16. Bxf4 exf4 17. Rd1 ({Not} 17. hxg5 $2 Rxe4 18. gxf6 Rxe2+ 19. Kxe2 Bxf5 20. gxf5 Qxf6 $19) 17... Bxf5 18. Rxd8 Raxd8 19. gxf5 (19. exf5 $5 Rxe2+ 20. Kxe2 $11) 19... Rxe4 20. hxg5 {[%emt 0:02:00] [#]} Rde8 $1 21. Qxe4 ({But not} 21. Bxf7+ $2 Kxf7 22. g6+ Kg8 23. Qxe4 Nxe4 $19) (21. Bc4 $11 Rxe2+ 22. Bxe2 hxg5 23. Nxg5) (21. Bd1 Rxe2+) 21... Nxe4 $15 22. O-O hxg5 23. Re1 {[%emt 0:01:33] Black must now prevent Nxg5.} Bf6 24. Nd2 Nd6 25. Rxe8+ Nxe8 {[%emt 0:00:06][%mdl 4096] Endgame KBN-KBN} 26. Ne4 Kf8 27. Kg2 Ke7 (27... Bd8 $17) 28. Kf3 {[%emt 0:00:12] The position is equal.} Nd6 29. Nxd6 Kxd6 30. Bxf7 $11 {[%emt 0:00:22] KB-KB} Ke5 31. Be6 a5 32. a4 b6 33. b3 Kd6 34. c4 Kc5 35. Bd7 $1 Kb4 36. Bxc6 Kxb3 37. Bb5 Kc3 38. Kg4 Kd4 39. f3 {[%emt 0:00:57] Weighted Error Value: White=0.15 (very precise) /Black=0.12 (very precise)} 1/2-1/2

[Event "Ceske Budejovice IM 2022"]
[Site "Ceske Budejovice"]
[Date "2022.07.01"]
[Round "1.4"]
[White "Finek, Vaclav"]
[Black "Svanda, Ondrej"]
[Result "1/2-1/2"]
[ECO "A46"]
[WhiteElo "2393"]
[BlackElo "2363"]
[Annotator "TA"]
[PlyCount "70"]
[EventDate "2022.07.01"]
[EventType "tourn"]
[EventCountry "CZE"]
[SourceTitle "playchess.com"]
[Source "ChessBase"]
[SourceQuality "1"]
[TimeControl "40/5400+30:1800+30"]

1. d4 Nf6 2. Nf3 e6 3. g3 b5 4. e3 a6 5. a4 b4 6. Bg2 {[%emt 0:00:21] A46: 1 d4 Nf6 2 Nf3 e6: Torre, London and Colle Systems.} Bb7 7. O-O Be7 8. c4 bxc3 {[%emt 0:00:42] [#]} 9. bxc3 $146 ({Predecessor:} 9. Nxc3 O-O 10. Qc2 d6 11. e4 Nbd7 12. Re1 e5 13. d5 a5 14. Be3 Ng4 15. Bd2 {1-0 (29) Kobo,O (2449)-Yang,K (2275) Chess.com INT 2020}) 9... c5 10. Nbd2 Qc7 11. Ba3 d6 12. Rb1 Nbd7 13. Re1 (13. dxc5 {with more complications.} dxc5 14. Rxb7 Qxb7 15. Ne5) 13... d5 14. c4 O-O 15. Qc2 Rab8 16. Rec1 dxc4 17. Qxc4 ({Inferior is} 17. Nxc4 Be4 18. Rxb8 Bxc2 19. Rxf8+ Bxf8 $17) 17... Bd5 18. Qxa6 {[%emt 0:06:06] The position is equal.} Rxb1 19. Rxb1 Ra8 20. Qb5 Ra5 21. Qb2 Rxa4 22. Bxc5 Nxc5 23. Qb8+ Qxb8 24. Rxb8+ Bf8 {[%emt 0:00:01] [#] Hoping for ...Nce4.} 25. dxc5 {[%emt 0:00:09] Strongly threatening Ne5.} Ra1+ 26. Nf1 $132 {[%emt 0:03:17][%mdl 2048] Threatens to win with Ne5. White has counterplay} Ra8 27. Rxa8 Bxa8 28. Ne5 Bxg2 29. Kxg2 Bxc5 $11 {[%emt 0:00:01][%mdl 4096] Endgame KBN-KNN} 30. Nd2 g6 31. Nd3 Bd6 32. f4 h5 33. e4 {[%emt 0:00:27][%cal Be3e4,Be4e5][%mdl 32] [#] Black must now prevent e5.} Bc7 34. e5 Nd5 35. Kf3 Kg7 {[%emt 0:04:30] Weighted Error Value: White=0.07 (flawless) /Black=0.06 (flawless)} 1/2-1/2

[Event "Ceske Budejovice IM 2022"]
[Site "Ceske Budejovice"]
[Date "2022.07.01"]
[Round "1.5"]
[White "Civin, Tomas"]
[Black "Plischki, Sebastian"]
[Result "1/2-1/2"]
[ECO "A56"]
[WhiteElo "2419"]
[BlackElo "2384"]
[Annotator "TA"]
[PlyCount "81"]
[EventDate "2022.07.01"]
[EventType "tourn"]
[EventCountry "CZE"]
[SourceTitle "playchess.com"]
[Source "ChessBase"]
[SourceQuality "1"]
[TimeControl "40/5400+30:1800+30"]

1. d4 Nf6 2. c4 c5 3. Nf3 cxd4 4. Nxd4 Nc6 5. g3 g6 6. Bg2 Bg7 7. O-O O-O 8. Nc3 Qa5 9. Nb3 {[%emt 0:06:38] 9.e3 is the hot move.} Qh5 10. h3 {[%emt 0:12:23] A39: Symmetrical English vs ...g6: 4 Bg2 Bg7 5 Nf3 Nf6 6 0-0 0-0 7 d4.} d6 11. g4 Bxg4 12. hxg4 Nxg4 13. Bf4 {[%emt 0:01:52] Inhibits Qh2+.} Be5 {[%emt 0:08:40] [#]} 14. Qc1 $146 (14. Qd2 $11 {and White has nothing to worry.}) ({Predecessor:} 14. Qd2 g5 15. Bxe5 Ncxe5 16. Rfc1 Nxc4 17. Qd4 Nce3 18. fxe3 Qh4 19. Nd5 Qf2+ 20. Kh1 Qh4+ {½-½ (20) Banusz,T (2612)-Berkes,F (2678) Valjevo 2018}) 14... g5 $1 $19 15. Bxe5 Ncxe5 16. Rd1 f5 $1 {[%emt 0:08:34][%cal Bf7f5,Bf5f4,Bf4f3][%mdl 32] Strongly threatening ...Qh4.} (16... Qh4 17. Ne4 (17. f3 $2 Qf2+ 18. Kh1 Ne3 $19) 17... h6 18. Nd4 $17 (18. Kf1 $2 f5 $19)) 17. Rd4 (17. f3 $2 Qh2+ 18. Kf1 Qh4 $19) (17. Rd5 $17 {was the only chance.} f4 18. Nd1 (18. f3 $2 Qh2+ 19. Kf1 Ne3+ 20. Ke1 N5xc4 $19)) 17... f4 $1 ({Worse is} 17... Qh4 18. Nd1 $14) 18. Nd1 ({Don't blunder} 18. f3 $2 Qh2+ 19. Kf1 Ne3+ 20. Ke1 Qxg2 $19) 18... f3 19. Rxg4 Qxg4 {[%emt 0:02:10][%csl Gf3][%cal Rg4g2][%mdl 64] Pin, Double Attack} 20. Ne3 (20. exf3 {is the only way for White.} Nxf3+ 21. Kf1) 20... Qh4 21. exf3 Nxf3+ ({Less strong is} 21... Nd3 22. Qd2 Nf4 23. Nd4 $14) 22. Bxf3 Rxf3 23. Qd2 Raf8 24. Rf1 (24. Ng2 Qxf2+ 25. Qxf2 Rxf2 26. Rb1) 24... e6 25. Ng2 {[%emt 0:06:18] [#]} Qh6 {[%emt 0:01:10] ...Rh3 is the strong threat.} 26. Qxd6 Rh3 27. f4 gxf4 $2 (27... Rh1+ $19 28. Kf2 Rh2) 28. Nd4 $15 f3 $40 {[%emt 0:04:13][%mdl 128] White needs to defend precisely.} 29. Qxe6+ Qxe6 30. Nxe6 Rf6 {[%emt 0:02:39] Hoping for ...Rg3.} (30... f2+ $5 31. Rxf2 {[#]} Rh1+ $1 32. Kxh1 Rxf2 $11) 31. Ngf4 Rhh6 32. Re1 Kf7 33. Ng5+ {[%emt 0:00:48] Pair of Knights!} Kf8 (33... Kg8 $1 $11 34. Re8+ Rf8 35. Rxf8+ Kxf8) 34. Nfe6+ $4 (34. Re4 $18 {was the only winning move.}) 34... Kg8 $19 {[%emt 0:00:23][%mdl 1024] ( -> ...f2+). Black has strong compensation.} 35. Kf2 $2 (35. Rd1 {was necessary.} f2+ 36. Kg2) 35... Rh2+ {[%emt 0:00:11][%mdl 64] Skewer} 36. Kg3 (36. Ke3 $19 h6 37. b3) 36... Rxb2 $2 (36... Rg2+ {mates} 37. Kh4 Rh6#) 37. Nxf3 $11 Rxa2 38. Ned4 Ra3 39. c5 Rc3 40. Ra1 Rc4 (40... a6 $5 ) 41. Rxa7 {[%emt 0:30:55] Weighted Error Value: White=0.87/Black=0.63} 1/2-1/2

[Event "Ceske Budejovice IM 2022"]
[Site "Ceske Budejovice"]
[Date "2022.07.02"]
[Round "2.1"]
[White "Gretarsson, Helgi Ass"]
[Black "Plischki, Sebastian"]
[Result "1-0"]
[ECO "A04"]
[WhiteElo "2472"]
[BlackElo "2384"]
[Annotator "RC"]
[PlyCount "113"]
[EventDate "2022.07.01"]
[EventType "tourn"]
[EventCountry "CZE"]
[SourceTitle "playchess.com"]
[Source "ChessBase"]
[SourceQuality "1"]
[TimeControl "40/5400+30:1800+30"]

1. Nf3 c5 2. c4 Nc6 3. e3 Nf6 4. d4 cxd4 5. Nxd4 g6 6. Nc3 Bg7 7. Be2 O-O 8. O-O d6 9. h3 Re8 10. Nc2 Be6 11. e4 Nd7 12. Nd5 Nc5 13. f3 a5 14. Kh2 a4 15. Rb1 f5 16. exf5 Bxf5 17. Nde3 Bd7 18. f4 Rf8 19. Bg4 Bxg4 20. Qxg4 e6 21. b4 axb3 22. axb3 Qe7 23. Ba3 b6 24. Qd1 Rfd8 25. b4 Ne4 26. Qd3 Nf6 27. Rbd1 Qf7 28. Qb3 d5 29. Bb2 Rac8 30. Bxf6 dxc4 31. Qxc4 Bxf6 32. Rxd8+ Bxd8 33. Nd4 Na7 34. Qxe6 Qxe6 35. Nxe6 Kf7 36. Ng5+ Bxg5 37. fxg5+ Kg7 38. Rd1 Rc7 39. Rd6 Nc8 40. Rd8 Ne7 41. Rb8 Rc6 42. Ng4 Rd6 43. Nh6 Rd5 44. h4 Rd4 45. Rxb6 Rxh4+ 46. Kg3 Re4 47. Kf3 Re5 48. Kf4 Re1 49. Rb8 Rb1 50. Kg4 Rb2 51. g3 Rb3 52. b5 Rb1 53. Re8 Rb4+ 54. Kh3 Rxb5 55. Rxe7+ Kf8 56. Rf7+ Ke8 57. Kh4 1-0

[Event "Ceske Budejovice IM 2022"]
[Site "Ceske Budejovice"]
[Date "2022.07.02"]
[Round "2.2"]
[White "Svanda, Ondrej"]
[Black "Civin, Tomas"]
[Result "1-0"]
[ECO "A05"]
[WhiteElo "2363"]
[BlackElo "2419"]
[Annotator "TA"]
[PlyCount "75"]
[EventDate "2022.07.01"]
[EventType "tourn"]
[EventCountry "CZE"]
[SourceTitle "playchess.com"]
[Source "ChessBase"]
[SourceQuality "1"]
[TimeControl "40/5400+30:1800+30"]

1. Nf3 Nf6 2. g3 b5 3. Bg2 Bb7 4. d4 e6 5. a4 b4 6. c4 c5 7. O-O cxd4 {[%emt 0:04:50] A46: 1 d4 Nf6 2 Nf3 e6: Torre, London and Colle Systems.} 8. Qxd4 Na6 9. Nbd2 Nc5 {[%emt 0:01:50] Black has an edge.} (9... Bc5 $5 10. Qd3 O-O $11) 10. b3 d6 11. Bb2 Be7 {[%emt 0:05:18] [#]} 12. h3 $146 ({Predecessor:} 12. Nh4 e5 13. Qxc5 dxc5 14. Bxb7 Qxd2 15. Bc1 Qc3 {0-1 (15) Delorme,A (2322)-Martirosyan,H (2622) Chess.com INT 2020}) 12... O-O 13. Ne1 Bxg2 (13... e5 $5 14. Qe3 Bxg2 15. Nxg2 Qc8 $11) 14. Kxg2 e5 15. Qe3 Nfd7 {[%emt 0:00:11] ...Bg5 is the strong threat.} 16. Nd3 Bg5 17. f4 exf4 18. gxf4 Re8 19. Qf3 Bf6 20. Bxf6 Qxf6 21. Nxb4 Rab8 $132 {[%emt 0:02:42][%mdl 2048] Black has counterplay} 22. Nc6 Rb6 {[%emt 0:02:55][%cal Ob6c6] aiming for ...Rxc6!} 23. b4 (23. Nxa7 Qb2 24. Rad1 (24. a5 $2 Ra6 $19) 24... Nxb3 $15) (23. Rad1 $1 $11) 23... Rxc6 $1 $17 24. Qxc6 (24. bxc5 $17 Rxc5 25. e4) 24... Rxe2+ $19 25. Kh1 {[%emt 0:01:37] [#]} (25. Rf2 $142 Rxf2+ 26. Kxf2 Nd3+ 27. Kg2 (27. Ke3 $2 Qxf4+ 28. Ke2 Qf2+ 29. Kd1 Qe1+ 30. Kc2 Nxb4+ 31. Kc3 Qxa1+ $19) 27... Nxf4+ 28. Kh2 Qxa1 29. Qxd7) 25... Rxd2 $2 (25... Qc3 $1 $19 26. Qf3 Re3 27. Qa8+ Nf8) 26. bxc5 $11 {[%emt 0:00:03] Chess con chili.} Nf8 {[%emt 0:01:37] Threatens to win with ...Qc3.} 27. Rad1 Ra2 {[%emt 0:00:59] ( -> ...Qb2)} 28. Qf3 (28. Rxd6 {gets mated.} Qb2) 28... dxc5 ({Resist} 28... Qb2 29. Qg3 $14) 29. f5 h6 30. Rf2 Rxa4 31. Qa8 {[%emt 0:02:03] Black must now prevent Rd8.} Qh4 {[%emt 0:08:28] [#]} (31... Ra1 $11 {keeps the balance.} 32. Rxa1 Qxa1+ 33. Kg2 Qc1) 32. f6 $1 $16 {[%emt 0:00:14][%cal Oa8f8] White threatens Qxf8+! and mate. White is more active.} Kh7 $2 33. fxg7 $18 ({Stronger than} 33. Qxf8 Qxh3+ 34. Kg1 Qg4+ 35. Kh2 Qh5+ 36. Kg2 Qg4+ 37. Kh2 Qh5+ 38. Kg2 Qg4+ 39. Kh2 $11) 33... Kxg7 {[%emt 0:04:51] [#]} 34. Rxf7+ $3 {[%emt 0:00:01][%mdl 576] Decoy. White mates.} Kxf7 35. Rf1+ {[%mdl 64] Skewer} Ke6 36. Qe8+ Kd6 37. Qxf8+ Kc6 38. Rf6+ {[%emt 0:00:28] Never resign too early!  Weighted Error Value: White=0.16 (very precise) /Black=0.38} 1-0

[Event "Ceske Budejovice IM 2022"]
[Site "Ceske Budejovice"]
[Date "2022.07.02"]
[Round "2.3"]
[White "Bochnicka, Vladimir"]
[Black "Finek, Vaclav"]
[Result "1/2-1/2"]
[ECO "B33"]
[WhiteElo "2295"]
[BlackElo "2393"]
[Annotator "RC"]
[PlyCount "119"]
[EventDate "2022.07.01"]
[EventType "tourn"]
[EventCountry "CZE"]
[SourceTitle "playchess.com"]
[Source "ChessBase"]
[SourceQuality "1"]
[TimeControl "40/5400+30:1800+30"]

1. e4 c5 2. Nf3 Nc6 3. d4 cxd4 4. Nxd4 Nf6 5. Nc3 g6 6. Be3 Bg7 7. Nxc6 bxc6 8. e5 Ng8 9. f4 Nh6 10. Qd2 O-O 11. O-O-O d6 12. h3 Qa5 13. g4 Rb8 14. a3 Ba6 15. Ne4 Qxd2+ 16. Rxd2 Bxf1 17. Rxf1 dxe5 18. fxe5 Rb5 19. Nc5 Re8 20. b3 f5 21. Ne6 fxg4 22. Nc7 Rc8 23. Nxb5 cxb5 24. hxg4 Nxg4 25. Bg5 Nxe5 26. Rd5 Nc6 27. Rxb5 Nd4 28. Rb7 Nxc2 29. Kd2 Nxa3 30. Bxe7 Nc2 31. Bd6 Bh6+ 32. Kd3 Ne3 33. Rh1 Nf5 34. Be5 a5 35. Rb8 Rxb8 36. Bxb8 Bf8 37. Bc7 Bb4 38. Ra1 Kf7 39. Bxa5 Bd6 40. Re1 h5 41. Bd8 h4 42. Rh1 Bg3 43. Ke4 Ke6 44. Bg5 Kd6 45. Rc1 h3 46. b4 h2 47. Bf4+ Kd7 48. Kf3 Bxf4 49. Kxf4 Nd4 50. Rh1 Nc2 51. b5 Nd4 52. b6 Kc6 53. Rxh2 Kxb6 54. Ke4 Nb5 55. Kd5 Nc7+ 56. Kc4 Kc6 57. Rh6 Kd6 58. Rxg6+ Ne6 59. Rg8 Ke5 60. Re8 1/2-1/2

[Event "Ceske Budejovice IM 2022"]
[Site "Ceske Budejovice"]
[Date "2022.07.02"]
[Round "2.4"]
[White "Dev, Shah"]
[Black "Lajbl, Jan"]
[Result "1/2-1/2"]
[ECO "E06"]
[WhiteElo "2292"]
[BlackElo "2212"]
[Annotator "TA"]
[PlyCount "109"]
[EventDate "2022.07.01"]
[EventType "tourn"]
[EventCountry "CZE"]
[SourceTitle "playchess.com"]
[Source "ChessBase"]
[SourceQuality "1"]
[TimeControl "40/5400+30:1800+30"]

1. d4 d5 2. c4 e6 3. Nf3 Nf6 4. g3 Be7 5. Bg2 O-O 6. O-O dxc4 7. Qa4 a6 8. Qxc4 b5 9. Qc2 Bb7 10. Bd2 Ra7 {[%emt 0:00:22] E05: Open Catalan: 5 Nf3 Be7.} 11. Rd1 Be4 12. Qc1 b4 {[%emt 0:04:27][%cal Oc7c5] [#] White is slightly better.} 13. Bf4 $146 ({Predecessor:} 13. Be1 Qc8 14. Nbd2 Bd5 15. Qc2 c5 16. Rac1 Rc7 17. e4 Ba8 18. e5 Nd5 19. Nc4 cxd4 20. Nxd4 {½-½ (38) Jojua,D (2588)-Quparadze,G (2493) Tbilisi 2019}) 13... Nbd7 14. Nbd2 Bd5 15. Re1 Qa8 (15... c5 $11) 16. e4 $1 $14 (16. Bxc7 $2 Rc8 17. e4 Raxc7 $19) 16... Bb7 (16... Nxe4 $2 17. Nxe4 f5 18. Ned2 $18) 17. Ne5 $1 (17. Qxc7 Nxe4 $1 18. Qxd7 Nxd2 19. Qxe7 Nxf3+ 20. Bxf3 Bxf3 21. Qxb4 Bh1 $15) (17. Bxc7 $2 Rc8 18. d5 Nxd5 $1 19. exd5 Bxd5 $19) 17... c5 ({Black should try} 17... a5 $14) 18. dxc5 (18. Bg5 $1 $16 {And now Nxd7 would win.} Qd8 19. Nxd7 Qxd7 20. e5 (20. dxc5 Rc8 $14) 20... Bxg2 21. Kxg2) 18... Bxc5 ({Better is} 18... Nxc5 $14 19. Be3 Rc8) 19. Nxd7 $16 Nxd7 20. Nb3 $1 Bb6 21. Be3 (21. Qd2 $16) 21... Rc8 22. Qd2 Bxe3 23. Rxe3 Nf6 24. Qxb4 a5 25. Qe1 {[%emt 0:00:07] White is more active.} a4 26. Nd4 Rd8 (26... Ra6 $11) 27. Rd1 Ra6 28. Nc2 Rc6 {[%emt 0:02:29] [#]} 29. Nb4 (29. e5 $1 $16 Nd5 30. Bxd5 Rxd5 31. Rxd5 exd5 32. Rc3) 29... Rxd1 $14 30. Qxd1 Rc8 31. Qe1 Rc4 32. f3 Qc8 (32... Qa7 $11 33. a3 Bxe4) 33. Bf1 $16 Rc1 34. Qd2 {[%emt 0:00:10] Strongly threatening Rd3.} a3 (34... Qc7 $16 35. Kg2 h6) 35. bxa3 {[%emt 0:01:25] Rd3 is the strong threat.} h6 36. Kg2 g5 37. h3 {[%emt 0:01:07] Against g4} Qc7 38. Re1 (38. Be2 $16) 38... Rc3 $11 39. Rd1 {[%emt 0:00:54] [#]} ({White should play} 39. g4 $11) 39... Kg7 (39... Bxe4 $1 $15 40. Qd8+ (40. fxe4 $2 Qxg3+ 41. Kh1 Nxe4 $19) 40... Kg7 41. Qxc7 (41. fxe4 $2 Qxg3+ 42. Kh1 Re3 $19) 41... Bxf3+ 42. Kg1 Rxc7) 40. Bd3 $14 Nh5 41. Qf2 Rxa3 42. Bc2 Rc3 43. Rd2 Rc4 44. a3 Kf8 45. Bd3 Rc3 46. Rc2 Rxc2 47. Nxc2 Qc3 48. Bb5 Nxg3 {[%emt 0:00:47][%mdl 64] Decoy} 49. Kxg3 Qe5+ 50. Kg2 Qxb5 51. Nd4 Qc4 52. Qe3 {[%emt 0:01:31] Inhibits Qc1.} Ba6 53. Nb3 Qc2+ 54. Nd2 Bb5 55. Qd4 {[%emt 0:00:51] Weighted Error Value: White=0.24 (precise) /Black=0.23 (precise)} 1/2-1/2

[Event "Ceske Budejovice IM 2022"]
[Site "Ceske Budejovice"]
[Date "2022.07.02"]
[Round "2.5"]
[White "Nagy, Ladislav"]
[Black "Mirzoev, Azer"]
[Result "1/2-1/2"]
[ECO "B10"]
[WhiteElo "2209"]
[BlackElo "2424"]
[Annotator "TA"]
[PlyCount "87"]
[EventDate "2022.07.01"]
[EventType "tourn"]
[EventCountry "CZE"]
[SourceTitle "playchess.com"]
[Source "ChessBase"]
[SourceQuality "1"]
[TimeControl "40/5400+30:1800+30"]

1. e4 c6 2. Nc3 d5 3. Nf3 a6 4. d4 Bg4 5. h3 Bh5 6. exd5 {[%emt 0:02:59] B11: Caro-Kann: Two Knights Variation.} cxd5 7. g4 $1 Bg6 8. h4 {[%emt 0:01:56] White is better.} f6 (8... h6 $14) 9. h5 $16 Bf7 10. Bf4 e6 11. Qd2 {[%emt 0:10:25] [#]} ({White should try} 11. g5 $16) 11... Bb4 $146 (11... h6 $1 $14) ({Predecessor:} 11... Bd6 12. Rh3 Nc6 13. g5 Nge7 14. O-O-O e5 15. gxf6 gxf6 16. dxe5 fxe5 17. Ng5 exf4 18. Nxf7 Kxf7 19. Nxd5 {0-1 (46) Weichhold,P (2421)-Swicarz,M (2378) Wroclaw 2017}) 12. a3 Ba5 {[%emt 0:00:06] [#]} 13. b4 {[%emt 0:08:26] 0x0.001b6a1c568fdp-1022s more active pieces.} (13. g5 $142 $1) 13... Bc7 14. g5 Nd7 15. h6 g6 (15... gxh6 $11 16. gxf6 (16. gxh6 Ne7 $15) 16... Bxf4 17. Qxf4 Qxf6 18. Qxf6 Ngxf6) 16. Bh3 $14 f5 (16... Nb6 $14) 17. Na4 $16 Ne7 18. O-O b6 19. Rac1 Bxf4 20. Qxf4 Qb8 21. Qe3 O-O 22. Nb2 Rc8 23. Rfe1 Ra7 24. Bg2 a5 25. c4 axb4 26. axb4 dxc4 27. d5 (27. Nxc4 $142 {[%cal Od4d5] Threatens to win with d5!} Nd5 28. Qd2) 27... e5 (27... Nxd5 $2 28. Qd4 e5 29. Nxe5 Nxe5 30. Rxe5 $18 (30. Bxd5 Bxd5 31. Qxd5+ Nf7 $11)) 28. Nxc4 ({But not} 28. Nxe5 $6 Qxe5 29. Qxe5 Nxe5 30. Rxe5 Kf8 $14) 28... Nxd5 29. Qd2 Rac7 30. Nfxe5 Nxe5 31. Nxe5 ({Better is} 31. Rxe5 $16 Nf4 32. Qxf4 Rxc4 33. Rxc4 Rxc4 34. Qe3) 31... Rxc1 $11 {[%emt 0:00:39] The position is equal.} 32. Rxc1 Rxc1+ 33. Qxc1 Qxe5 34. Qc8+ Qe8 35. Qxe8+ Bxe8 36. Bxd5+ {[%emt 0:00:09][%mdl 4096] Endgame KB-KB} Bf7 37. Bg2 Kf8 38. f4 Ke7 39. Kf2 Kd6 40. Ke3 Bd5 41. Bf1 Be6 42. Kd4 Bb3 43. Bd3 Be6 44. Be2 {[%emt 0:00:00] Black escapes into a draw.  Weighted Error Value: White=0.13 (very precise) /Black=0.11 (very precise)} 1/2-1/2

[Event "Ceske Budejovice IM 2022"]
[Site "Ceske Budejovice"]
[Date "2022.07.03"]
[Round "3.1"]
[White "Mirzoev, Azer"]
[Black "Gretarsson, Helgi Ass"]
[Result "1/2-1/2"]
[ECO "A40"]
[WhiteElo "2424"]
[BlackElo "2472"]
[Annotator "TA"]
[PlyCount "85"]
[EventDate "2022.07.01"]
[EventType "tourn"]
[EventCountry "CZE"]
[SourceTitle "playchess.com"]
[Source "ChessBase"]
[SourceQuality "1"]
[TimeControl "40/5400+30:1800+30"]

1. d4 g6 2. Nf3 Bg7 3. g3 d5 4. Bg2 c6 5. O-O Nf6 6. Nbd2 O-O 7. c4 Bf5 8. b3 a5 9. a3 Ne4 10. Bb2 Na6 11. Rc1 {[%emt 0:02:14] D78: Fianchetto Grünfeld: 6 0-0 c6.} Qb6 12. e3 {[%emt 0:09:35] [#]} Rfd8 $146 ({Predecessor:} 12... Bg4 13. h3 Nxd2 14. Qxd2 Be6 15. Ng5 Qxb3 16. Nxe6 fxe6 17. c5 Nc7 18. Rc3 Qb5 {½-½ (58) Ghasi,A (2475)-Olafsson,H (2508) Chess.com INT 2018}) 13. h3 {[%emt 0:06:42] White has an edge.} Nxd2 14. Nxd2 Bd3 15. c5 Qa7 16. Re1 Nc7 17. Nb1 Bxb1 {[%emt 0:02:25] The position is equal.} 18. Rxb1 e5 19. dxe5 Qxc5 20. Qc1 Ne6 21. Rd1 Qe7 22. Qc3 Rf8 23. Qc2 Nc7 24. e4 Bxe5 (24... dxe4 {is interesting.} 25. Qxe4 Rfd8 26. h4 Rxd1+ 27. Rxd1 Rd8) 25. exd5 {[%emt 0:00:06] [#] aiming for Re1.} Bxb2 $1 26. Qxb2 {[%emt 0:02:36] Black must now prevent d6.} Nxd5 27. Bxd5 cxd5 28. Rxd5 Qe6 29. Qe5 Qxe5 30. Rxe5 $11 {[%emt 0:00:07][%mdl 4096] Endgame KRR-KRR} Rfc8 31. a4 Rc6 32. Rd1 h5 33. Kg2 b6 34. Rd3 Rac8 35. Re7 Rf6 36. Re2 Kg7 37. h4 Rc5 38. Red2 Rff5 39. Rd6 b5 $1 40. axb5 Rxb5 41. R6d3 Rb4 42. Re2 a4 43. bxa4 {[%emt 0:00:04] An even fight not without its subleties.  Weighted Error Value: White=0.03 (flawless) /Black=0.03 (flawless)} 1/2-1/2